 Dungeon Crawl Stone Soup version 0.19-a0-722-g27ac516 (webtiles) character file.

51 Justinthyme the Conjurer (level 3, -7/21 HPs)
             Began as a High Elf Conjurer on June 21, 2016.
             Killed by nerve-wracking pain
             ... invoked by Jessica
              (10 damage)
             ... on level 3 of the Dungeon.
             The game lasted 00:09:04 (1754 turns).

Justinthyme the Conjurer (High Elf Conjurer)        Turns: 1754, Time: 00:09:04

Health: -7/21      AC:  2    Str:  7    XL:     3   Next: 58%
Magic:  17/17      EV: 13    Int: 24    God:
Gold:   63         SH:  0    Dex: 16    Spells: 2 memorised, 5 levels left

rFire  . . .     SeeInvis .     u - +0 dagger
rCold  + . .     Gourm    .     a - +0 robe
rNeg   . . .     Faith    .     (no shield)
rPois  .         Spirit   .     (no helmet)
rElec  .         Dismiss  .     (no cloak)
rCorr  .         Reflect  .     (no gloves)
SustAt .         Harm     .     (no boots)
MR     .....                    (no amulet)
Stlth  ++........               t - ring of magical power
                                s - ring of protection from cold

@: brilliant, not resistant to hostile enchantments, unstealthy
A: no striking features
a: no special abilities


You were on level 3 of the Dungeon.
You were not hungry.

You visited 1 branch of the dungeon, and saw 3 of its levels.

You collected 63 gold pieces.

Inventory:

Hand Weapons
 u - a +0 dagger (weapon)
Armour
 a - a +0 robe (worn)
Jewellery
 s - a ring of protection from cold (left hand)
 t - a ring of magical power (right hand)
Scrolls
 d - a scroll of fog {unknown}
 e - a scroll of identify {unknown}
 j - a scroll of blinking {unknown}
 k - a scroll of immolation {unknown}
 l - a scroll of magic mapping
 n - a scroll of noise {unknown}
 q - a scroll of remove curse
 r - a scroll of enchant armour {unknown}
 v - 3 scrolls of amnesia {unknown}
Potions
 i - a potion of brilliance
 m - a potion of mutation {unknown}
 p - a potion of heal wounds {unknown}
Books
 b - a book of Conjurations

   Spells                             Type                      Level
   a - Magic Dart                     Conjuration                  1
   b - Searing Ray                    Conjuration                  2
   c - Dazzling Spray                 Conjuration/Hexes            3
   d - Fulminant Prism                Conjuration/Hexes            4
   e - Iskenderun's Mystic Blast      Conjuration                  4
   f - Iskenderun's Battlesphere      Conjuration/Charms           5
Comestibles
 c - a bread ration
 g - a slice of pizza
 h - 5 fruits
 o - 2 meat rations


   Skills:
 + Level 0.8 Armour
 - Level 2.1 Dodging
 - Level 2.1 Stealth
 + Level 3.4 Spellcasting
 * Level 5.1 Conjurations


You had 5 spell levels left.
You knew the following spells:

 Your Spells              Type           Power        Failure   Level  Hunger
a - Magic Dart            Conj           ####         1%          1    None
b - Searing Ray           Conj           #####.       1%          2    #......


Dungeon Overview and Level Annotations

Branches:
Dungeon (3/15)

Altars:

Annotations:
D:3 Jessica; TheGoonsmith's ghost, amateur TeAE


Message History

Jessica shouts!
Jessica gestures wildly while chanting.
Jessica seems to speed up.
Found an escape hatch in the ceiling.
Found a stone staircase leading down.
Press: ? - help, v - describe, . - travel
Here: Jessica, wearing a robe (fast)
The floor.
The kobold shouts!
The kobold throws a stone.
The stone misses you.
You see here a stone.
Jessica gestures wildly.
Jessica points at you and mumbles some strange words.
Pain shoots through your body!
Ouch! That really hurt!
* * * LOW HITPOINT WARNING * * *
It was a potion of brilliance.
You feel clever all of a sudden. Jessica gestures at you while chanting.
Pain shoots through your body!
You die...

*,* *,....>.,,************ *,*
***#...#*** * *,* ##.K.#### *
*,* #...@...# * *,* #..S(##.#
*♣♣♣* *****,*
#.#.###.######*♣..♣♣ ,,,,,,*
#,#.# #......#*P..P♣
**************,#.#
#.####.♣♣P...♣
,,,,,,,,,,,,,,,#@# #.# ♣.P♣PP.♣*
,,,,,,*********#.# #.# ♣.P...♣*
*****,* #.# #.# ♣P.P♣♣♣ ***,*
#.# #.# ♣.P.♣**# **,*,* #.#
#.###♣♣..♣#.## **,*,,*
#.###.....♣♣...... ,,***,*
#.##............##
**,*,,*********#......########.#
**,*,,,,,,,,,......### *.#


You could see an adder, Jessica and a kobold.

Vanquished Creatures
  An adder (D:2)
  A dart slug (D:2)
  A ball python (D:3)
  3 giant cockroaches
  8 goblins
  4 hobgoblins
  A quokka (D:2)
  5 bats
  7 giant newts
  4 kobolds
  5 rats
40 creatures vanquished.

Notes
Turn   | Place    | Note
--------------------------------------------------------------
     0 | D:1      | Justinthyme the High Elf Conjurer began the quest for the Orb.
     0 | D:1      | Reached XP level 1. HP: 11/11 MP: 4/4
     2 | D:1      | Noticed a tengu
     2 | D:1      | Noticed a demigod
     4 | D:1      | Noticed a dwarf
     4 | D:1      | Noticed a vine stalker
     6 | D:1      | Noticed a troll
     8 | D:1      | Noticed an ogre
     8 | D:1      | Noticed a centaur
    10 | D:1      | Noticed a minotaur
    10 | D:1      | Noticed a spriggan
    12 | D:1      | Noticed a formicid
    12 | D:1      | Noticed a halfling
    14 | D:1      | Noticed a demonspawn
    14 | D:1      | Noticed a naga
    16 | D:1      | Noticed a draconian
    18 | D:1      | Noticed a ghoul
    20 | D:1      | Noticed an elf
    20 | D:1      | Noticed a felid
    22 | D:1      | Noticed a human
    22 | D:1      | Noticed a vampire
    24 | D:1      | Noticed an octopode
    24 | D:1      | Noticed a gargoyle
    27 | D:1      | Noticed a merfolk
   327 | D:1      | Reached XP level 2. HP: 17/17 MP: 4/7
   331 | D:1      | Learned a level 2 spell: Searing Ray
  1018 | D:2      | Reached XP level 3. HP: 21/21 MP: 6/8
  1268 | D:2      | Reached skill level 5 in Conjurations
  1710 | D:3      | Noticed TheGoonsmith's ghost (amateur TeAE)
  1748 | D:3      | Noticed Jessica
  1754 | D:3      | Killed from afar by Jessica

Vault maps used:
D:1:      kb_arrival_jail, serial_glass, glass_columns_c, glass_columns_a,
          minmay_strange_pillars, minmay_strange_pillars, feat_on_display,
          item_on_display_a
D:3:      serial_forest, infiniplex_forest_end_1, infiniplex_forest_diagonal,
          infiniplex_forest_clump_curved, infiniplex_forest_clump_medium,
          infiniplex_forest_side_room, uniq_jessica

Skill      XL: |  1  2  3 |
---------------+----------+-----
Spellcasting   | 3 |  3.4
Conjurations   | 5 |  5.1
Armour         | |  0.8
Dodging        | |  2.1
Stealth        | |  2.1

Action                   || total
-------------------------++-------
Melee: Club              ||    20
       Dagger            ||     1
 Cast: Magic Dart        ||    58
       Searing Ray       ||     2
  Use: Scroll            ||     2
       Potion            ||     1
 Stab: Sleeping          ||     2
  Eat: Chunk             ||     3
Armor: Robe              ||     2
Dodge: Dodged            ||    36
